 Dungeon Crawl Stone Soup version 0.30-a0-222-ge547ba4400 (webtiles) character file.

Game seed: 6635483919265914178

25257 timneilson the Protected (level 13, -4/79 HPs)
             Began as a Gargoyle Fighter on Oct 8, 2022.
             Was an Elder of Okawaru.
             Slain by an orc knight
             ... wielding a +0 great sword
              (16 damage)
             ... while paralysed by an orc sorcerer
             ... on level 2 of the Orcish Mines.
             The game lasted 00:38:29 (13323 turns).

timneilson the Protected (Gargoyle Fighter)        Turns: 13323, Time: 00:38:31

Health: -4/79      AC: 33    Str: 25    XL:     13   Next: 18%
Magic:  17/17      EV:  2    Int: 12    God:    Okawaru [****..]
Gold:   1369       SH:  0    Dex:  8    Spells: 12/12 levels left

rFire   + . .      SeeInvis .    F - +0 scimitar
rCold   . . .      Faith    .    t - +2 kite shield
rNeg    + . .      Spirit   .    u - +0 plate armour
rPois   ∞          Reflect  .    (no helmet)
rElec   +          Harm     .    x - +1 cloak
rCorr   .          Rampage  .    f - +0 pair of gloves
Will    .....                    i - +0 pair of boots
Stlth   ..........               m - amulet of regeneration
HPRegen 1.13/turn                g - +4 ring of evasion
MPRegen 0.15/turn                r - ring of protection from fire

@: paralysed, heroic
A: sickness immunity, AC +9, negative energy resistance 1, electricity
resistance, torment resistance 1, petrification resistance, talons 1, clever 1,
sense surroundings 1
a: Renounce Religion, Heroism, Finesse


You were on level 2 of the Orcish Mines.
You worshipped Okawaru.
Okawaru was greatly pleased with you.
You visited 3 branches of the dungeon, and saw 16 of its levels.

You collected 1369 gold pieces.

Inventory:

Hand Weapons
 a - a +1 long sword of protection
 F - a +0 scimitar (weapon)
Armour
 f - a +0 pair of gloves (worn)
 i - a +0 pair of boots (worn)
 t - a +2 kite shield (worn)
 u - a +0 plate armour (worn)
 x - a +1 cloak (worn)
Jewellery
 g - a +4 ring of evasion (left hand)
 m - an amulet of regeneration (around neck)
 o - a ring of resist corrosion
 r - a ring of protection from fire (right hand)
 v - a +4 ring of protection
Wands
 n - a wand of paralysis (6)
 E - a wand of iceblast (1)
Scrolls
 k - 12 scrolls of teleportation
 q - a scroll of fog
 w - 2 scrolls of enchant weapon
 y - a scroll of blinking
 z - a scroll of fear
Potions
 b - 2 potions of berserk rage
 c - a potion of ambrosia {unknown}
 d - a potion of curing
 e - 2 potions of cancellation
 h - 6 potions of attraction
 j - a potion of resistance {unknown}
 l - 8 potions of flight
 p - 2 potions of mutation
 s - 3 potions of lignification
 A - a potion of might
 B - a potion of haste
 D - 2 potions of brilliance {unknown}
Miscellaneous
 C - a lightning rod (4/4)


   Skills:
 + Level 8.6(13.6) Fighting
 * Level 9.6(14.6) Long Blades
 * Level 11.5(16.5) Armour
 + Level 5.8(10.8) Dodging
 * Level 11.5(16.5) Shields
 + Level 6.1 Invocations
 + Level 6.2 Evocations


You had 12 spell levels left.
You didn't know any spells.
Your spell library contained the following spells:

 Spells                   Type           Power      Damage    Failure   Level
 Momentum Strike          Conj/Tloc      0%         3d8       99%         2
 Frozen Ramparts          Ice            0%         1d1       100%        3
 Gell's Gravitas          Tloc           0%         N/A       100%        3
 Ignite Poison            Fire/Tmut/Pois 0%         N/A       100%        3
 Lesser Beckoning         Tloc           0%         N/A       100%        3
 Portal Projectile        Hex/Tloc       0%         N/A       100%        3
 Teleport Other           Tloc           0%         N/A       100%        3
 Ice Form                 Ice/Tmut       0%         N/A       100%        4
 Sticky Flame             Conj/Fire      0%         2d3       100%        4
 Blade Hands              Tmut           0%         N/A       100%        5
 Storm Form               Tmut/Air       0%         N/A       100%        7
 Ignition                 Fire           0%         3d3       100%        8
 Chain Lightning          Conj/Air       0%         N/A       100%        9
 Cigotuvi's Dreadful Rot  Necr/Pois/Air  Unusable   N/A       N/A         2
 Tukima's Dance           Hex            Unusable   N/A       N/A         3
 Summon Ice Beast         Ice/Summ       Unusable   N/A       N/A         4

Dungeon Overview and Level Annotations

Branches:
Dungeon (13/15)            Temple (1/1) D:7            Lair (0/5) D:9
    Orc (2/2) D:9          Vaults (0/5) D:13
    Elf: Orc:2

Altars:
Ashenzari
Cheibriados
Dithmenos
Fedhas
Gozag
Hepliaklqana
Kikubaaqudgha
Makhleb
Nemelex Xobeh
Okawaru
Qazlal
Ru
Sif Muna
Trog
Uskayaw
Vehumet
Wu Jian
Xom
Yredelemnul
Zin
The Shining One

Shops:
D:5 (?   D:8 *   D:9 ?   D:10 [

Annotations:
D:10 1 runed translucent door, IdlyInterested's ghost, journeyman DsGl
D:13 Frances


Innate Abilities, Weirdness & Mutations

You are immune to sickness and miasma.
Your stone body is resilient. (AC +9)
You are immune to poison.
You resist negative energy. (rN+)
You are resistant to electric shocks. (rElec)
You are resistant to unholy torment.
You are immune to petrification.
You have sharp toenails.
Your mind is acute. (Int +4, Str/Dex -1)
You passively map a small area around you.


Message History

There is a stone staircase leading up here.
The orc sorcerer points at you and mumbles some strange words.
The bolt of negative energy hits the orc!!
The orc is drained!
The orc dies!
The bolt of negative energy hits you but does no damage.
You partially resist. The orc hits you with a +0 morningstar.
You climb upwards.
There is a stone staircase leading down here.
You closely miss the orc. The orc completely misses you.
You hit the orc.
The orc is severely wounded.
You slash the orc!
You kill the orc!
Okawaru accepts your kill.
Things that are here:
a +0 morningstar; a +0 robe; a +0 dagger
There is a stone staircase leading down here.
You climb downwards.
The orc knight roars a battlecry!
The orc knight goes into a battle-frenzy!
You block the orc's attack.
The orc knight hits you with a +0 great sword!!
The hellwing barely misses you. You block the hellwing's attack.
The orc warrior shoots a bolt.
The bolt barely misses you.
There is a stone staircase leading up here.
Magic restored.
The orc sorcerer casts a spell at you.
You suddenly lose the ability to move!
You stop ascending the stairs.
The orc hits you but does no damage.
The orc knight roars a battlecry!
The orc sorcerer goes into a battle-frenzy!
The hellwing hits you. x2; The orc warrior shoots a bolt.
The bolt hits you!
The orc knight hits you with a +3 long sword of flaming!
* * * LOW HITPOINT WARNING * * *
The orc knight burns you.
* * * LOW HITPOINT WARNING * * *
The orc hits you but does no damage.
The orc knight hits you with a +0 great sword!
You die...

# * +......o , #.
....... ,
#.#####...o.o.<
#...........$.,
##............. *
#^.....o....o..
#.#....oo.o.$..#
##.....4@o### * ,
, *
#........#..##* ,
, ......[..o...#
,
####........#....
, , #........##
.... * ##.......#
,,$.. , #........
.. , ##...o.... ,
. * ,*##........
,, *


You could see 2 orc knights, a hellwing (summoned), 2 orc sorcerers, 3 orc
warriors, an orc wizard (strong) and 2 orcs.

Vanquished Creatures
  An ironbound preserver (D:13)
  A centaur warrior (D:13)
  A boulder beetle (D:11)
  3 death yaks (D:9)
  4 two-headed ogres
  An orc high priest (Orc:1)
  Sonja (D:11)
  5 skeletal warriors
  Lodul (D:12)
  A harpy (shapeshifter) (D:11)
  2 deep elf pyromancers
  Pikel (D:6)
  An ugly thing (D:13)
  An orc sorcerer (Orc:1)
  2 manticores
  A salamander (shapeshifter) (D:13)
  A gargoyle (D:13)
  Maggie (D:10)
  A kobold demonologist (D:12)
  2 tengu conjurers (D:10)
  3 trolls
  A polar bear (shapeshifter) (D:13)
  Prince Ribbit (D:7)
  4 shadows
  A vampire (D:9)
  3 wyverns
  2 wraiths
  8 vampire mosquitoes
  2 wargs (D:9)
  A water moccasin (D:5)
  Duvessa (D:7)
  An acid dragon (D:11)
  3 sky beasts (D:7)
  2 ice beasts
  12 orc warriors
  2 black bears (D:6)
  6 centaurs
  9 ogres
  2 phantoms
  2 lemures (D:6)
  5 kobold brigands
  2 bullfrogs
  A necrophage (D:5)
  A gnoll sergeant (D:9)
  3 scorpions
  Dowan (D:7)
  8 killer bees (D:10)
  7 howler monkeys
  3 hounds
  Crazy Yiuf (D:7)
  13 orc priests
  2 jellies
  A gnoll bouda (D:7)
  A hell rat (D:9)
  7 iguanas
  15 orc wizards
  3 gnolls (D:9)
  A river rat (D:9)
  6 adders
  A shadow imp (D:7)
  5 white imps
  2 ufetubi (D:5)
  4 worms
  3 dart slugs
  59 orcs
  4 bats
  10 endoplasms
  4 giant cockroaches
  8 goblins
  2 hobgoblins (D:1)
  A jackal (D:1)
  22 kobolds
  5 quokkas
  7 ball pythons
  3 frilled lizards
  5 rats
324 creatures vanquished.

Vanquished Creatures (others)
  An orc (Orc:2)
  2 withered plants (D:10)
3 creatures vanquished.

Grand Total: 327 creatures vanquished

Notes
Turn   | Place    | Note
-------+----------+-------------------------------------------
     0 | D:1      | timneilson the Gargoyle Fighter began the quest for the
                  | Orb.
     0 | D:1      | Reached XP level 1. HP: 14/14 MP: 1/1
   151 | D:1      | Reached XP level 2. HP: 16/19 MP: 2/2
   445 | D:1      | Reached XP level 3. HP: 23/23 MP: 3/3
   544 | D:1      | Found a faded altar of an unknown god.
  1128 | D:2      | Reached XP level 4. HP: 28/28 MP: 4/4
  1471 | D:3      | Found a snail-covered altar of Cheibriados.
  1530 | D:3      | You fall into a shaft and drop 1 floor!
  1597 | D:4      | Reached XP level 5. HP: 25/33 MP: 5/5
  1656 | D:3      | Found a hazy altar of Hepliaklqana.
  2163 | D:4      | Found a bloodstained altar of Trog.
  2205 | D:4      | Noticed an ogre
  2216 | D:4      | Reached skill level 1 in Dodging
  2218 | D:4      | Killed an ogre
  2219 | D:4      | Reached XP level 6. HP: 32/38 MP: 6/6
  2505 | D:5      | Entered Level 5 of the Dungeon
  2505 | D:5      | Found Uggadipiur's Magic Scroll Emporium.
  2535 | D:5      | Reached skill level 1 in Evocations
  2688 | D:5      | Found Marrotz's Weapon Shoppe.
  2732 | D:5      | Got the Essays on Shifting and the Wind
  2761 | D:5      | Noticed a water moccasin
  2791 | D:5      | Killed a water moccasin
  2792 | D:5      | Reached skill level 5 in Armour
  2792 | D:5      | Reached skill level 5 in Shields
  2792 | D:5      | Reached XP level 7. HP: 43/43 MP: 7/7
  3302 | D:6      | Reached XP level 8. HP: 34/48 MP: 8/8
  3527 | D:6      | Found an opulent altar of Gozag.
  3627 | D:6      | Noticed Pikel
  3668 | D:6      | Killed Pikel
  3669 | D:6      | Reached skill level 5 in Fighting
  3783 | D:6      | Reached skill level 5 in Long Blades
  3825 | D:6      | Found a sacrificial altar of Ru.
  3891 | D:6      | Found a shimmering blue altar of Sif Muna.
  3911 | D:6      | Found a basalt altar of Yredelemnul.
  4149 | D:6      | Reached XP level 9. HP: 54/54 MP: 9/9
  5055 | D:7      | Noticed Duvessa
  5057 | D:7      | Noticed Dowan
  5067 | D:7      | Killed Duvessa
  5075 | D:7      | Killed Dowan
  5252 | D:7      | Found a staircase to the Ecumenical Temple.
  5261 | Temple   | Entered the Ecumenical Temple
  5295 | Temple   | Became a worshipper of Warmaster Okawaru
  5379 | D:7      | Found a glowing golden altar of the Shining One.
  5452 | D:7      | Found a runed translucent door.
  5453 | D:7      | Noticed Crazy Yiuf
  5471 | D:7      | Killed Crazy Yiuf
  5723 | D:8      | Noticed Prince Ribbit
  5770 | D:7      | Killed Prince Ribbit
  5771 | D:7      | Reached skill level 1 in Invocations
  5856 | D:7      | Reached * piety under Okawaru
  5857 | D:7      | Reached XP level 10. HP: 60/60 MP: 10/10
  6143 | D:8      | Found Voodun's Elemental Accessories.
  7087 | D:9      | Found Waekas's Magic Scroll Emporium.
  7165 | D:9      | Reached ** piety under Okawaru
  7197 | D:9      | Noticed a manticore
  7235 | D:9      | Killed a manticore
  7297 | D:9      | Noticed a death yak
  7297 | D:9      | Noticed a two-headed ogre
  7378 | D:9      | Killed a two-headed ogre
  7404 | D:9      | Found a burning altar of Makhleb.
  7698 | D:9      | Noticed a death yak
  7717 | D:9      | Noticed a death yak
  7731 | D:9      | Killed a death yak
  7732 | D:9      | Reached XP level 11. HP: 61/66 MP: 10/13
  7748 | D:9      | Killed a death yak
  7748 | D:9      | Reached *** piety under Okawaru
  7765 | D:9      | Killed a death yak
  7859 | D:9      | Found a staircase to the Orcish Mines.
  7887 | D:9      | Found a staircase to the Lair.
  8073 | D:9      | Found a hide-covered altar of Uskayaw.
  8122 | D:9      | Found a stormy altar of Qazlal.
  8216 | D:10     | Entered Level 10 of the Dungeon
  8231 | D:10     | Found a runed translucent door.
  8232 | D:10     | Noticed IdlyInterested's ghost (journeyman DsGl)
  8234 | D:10     | Noticed Maggie
  8283 | D:10     | Killed Maggie
  8593 | D:10     | Noticed a two-headed ogre
  8609 | D:10     | Killed a two-headed ogre
  8609 | D:10     | Reached **** piety under Okawaru
  8753 | D:10     | Found Cadmus's Dragon-Slaying Spoils.
  8851 | D:10     | Noticed a two-headed ogre
  8873 | D:10     | Killed a two-headed ogre
  9283 | D:10     | Reached skill level 5 in Evocations
  9330 | D:11     | Noticed a boulder beetle
  9468 | D:11     | Killed a boulder beetle
  9796 | D:11     | a spriggan changed into a harpy
  9796 | D:11     | Noticed a harpy (shapeshifter)
  9822 | D:11     | Killed a harpy
  9823 | D:11     | Reached skill level 10 in Armour
  9823 | D:11     | Reached skill level 10 in Shields
  9927 | D:11     | Noticed Sonja
  9935 | D:11     | Killed Sonja
 10109 | D:11     | Reached XP level 12. HP: 72/72 MP: 13/15
 10313 | D:11     | Reached skill level 5 in Dodging
 10527 | D:12     | Reached ***** piety under Okawaru
 10563 | D:12     | Noticed a two-headed ogre
 10578 | D:12     | Killed a two-headed ogre
 10997 | D:12     | Noticed Lodul
 11046 | D:12     | Killed Lodul
 11047 | D:12     | Reached skill level 5 in Invocations
 11309 | D:13     | Noticed Frances
 11951 | D:13     | Noticed a centaur warrior
 11970 | D:13     | Killed a centaur warrior
 11970 | D:13     | Received a gift from Okawaru
 12117 | D:13     | Noticed an ironbound preserver
 12189 | D:13     | Found a gate to the Vaults.
 12223 | D:13     | Killed an ironbound preserver
 12323 | D:13     | Received a gift from Okawaru
 12393 | D:13     | Reached XP level 13. HP: 75/79 MP: 17/17
 12613 | Orc:1    | Entered Level 1 of the Orcish Mines
 13032 | Orc:1    | Gained mutation: Your body sometimes deteriorates upon
                  | taking damage. [a neqoxec]
 13034 | Orc:1    | Gained mutation: You sometimes lose your temper in combat.
                  | [a neqoxec]
 13084 | D:9      | Lost mutation: You sometimes lose your temper in combat.
                  | [potion of mutation]
 13084 | D:9      | Lost mutation: Your body sometimes deteriorates upon taking
                  | damage. [potion of mutation]
 13084 | D:9      | Gained mutation: You passively map a small area around you.
                  | [potion of mutation]
 13084 | D:9      | Gained mutation: You have sharp toenails. [potion of
                  | mutation]
 13084 | D:9      | Gained mutation: Your mind is acute. (Int +4, Str/Dex -1)
                  | [potion of mutation]
 13197 | Orc:2    | Entered Level 2 of the Orcish Mines
 13322 | Orc:2    | Paralysed by an orc sorcerer for 3 turns
 13323 | Orc:2    | Slain by an orc knight

Illustrated notes

Levels and vault maps discovered:
D:1:      dpeg_arrival_concentric_ovals, layout_basic,
          shapermc_ecumenical_altar_mp_highgroup, st_stairs_4
D:2:      layout_rooms
D:3:      layout_loops_cross, mainiacjoe_overflow_small_starburst,
          mainiacjoe_overflow_boulevard, moated_statue
D:4:      layout_rooms, mainiacjoe_overflow_catwalk, minmay_misc_feat_cross
D:5:      layout_gridville, serial_shops, nicolae_shop_bloodbath_and_beyond,
          nicolae_stop_n_shop_2
D:6:      layout_basic, lemuel_round_altar, nicolae_sif_muna_little_library,
          nicolae_ru_the_path_less_chosen, mainiacjoe_overflow_paths,
          kennysheep_generic_room_6, uniq_pikel
D:7:      layout_loops_ring, tso_altar, minmay_temple_entry_butterflies,
          st_stairs_1, kennysheep_small_square, uniq_duvessa,
          uniq_crazy_yiuf_cottage
D:8:      layout_basic, nicolae_elemental_shop, uniq_prince_ribbit1
D:9:      layout_long_grid, nicolae_overflow_hidden_temple,
          kennysheep_mini_moat, dpeg_lair_monsters, hiddenorc1_lemuel,
          serial_shops, nicolae_take_the_stairs, st_stairs_13
D:10:     layout_long_grid, gammafunk_ghost_grave, nicolae_shop_dragon_depot,
          uniq_maggie
D:11:     layout_gridville, uniq_sonja
D:12:     layout_loops_ring, uniq_lodul
D:13:     layout_roguey, skrybe_vaults_entry_preservation,
          ebering_ghost_disaster_area, serial_aquarium, aquarium_bridge_square
          [aquarium_subvault_window, aquarium_subvault_bridge,
          aquarium_subvault_bridge, aquarium_subvault_wall], aquarium_window_1,
          aquarium_window_1, aquarium_view_2c, nicolae_qazlal_style_of_elements,
          uniq_frances
Temple:   compressed_dpeg_circular_temple
Orc:1:    layout_caves
Orc:2:    grunt_orc_community_town_hall, layout_diamond_mine,
          grunt_orc_community_big_house_1, grunt_orc_community_big_house_1,
          grunt_orc_community_house_2, grunt_orc_community_house_1,
          grunt_orc_community_house_2, grunt_orc_community_house_1,
          grunt_orc_community_house_1

Skill      XL: |  1  2  3  4  5  6  7  8  9 10 11 12 13 |
---------------+----------------------------------------+-----
Long Blades    | 2 3 4 5 6 7 8 9 |  9.6
Shields        | 4 5 6 7 9 10 11 | 11.5
Armour         | 4 5 6 7 9 10 11 | 11.5
Dodging        | 1 2 3 4 5 |  5.8
Fighting       | 4 5 6 7 8 |  8.6
Evocations     | 1 2 3 4 5 6 |  6.2
Invocations    | 1 3 4 5 6 |  6.1

Action                   |  1- 3 |  4- 6 |  7- 9 | 10-12 | 13-15 || total
-------------------------+-------+-------+-------+-------+-------++-------
Melee: Long sword        |   154 |   192 |   619 |  1782 |   292 ||  3039
       Scimitar          |       |       |       |       |     3 ||     3
Invok: Heroism           |       |       |       |    42 |     6 ||    48
       Finesse           |       |       |       |     5 |     1 ||     6
Evoke: Wand              |       |       |       |     6 |       ||     6
       Lightning rod     |       |       |       |     2 |       ||     2
  Use: Scroll            |     2 |    12 |     5 |     6 |       ||    25
       Potion            |       |     2 |     1 |    13 |     1 ||    17
Armor: Scale mail        |    99 |   110 |   152 |       |       ||   361
       Chain mail        |       |       |   179 |   218 |       ||   397
       Plate armour      |       |       |       |   694 |   129 ||   823
Dodge: Dodged            |    90 |   158 |   390 |   848 |   116 ||  1602
Block: Buckler           |    40 |    59 |   163 |   360 |       ||   622
       Kite shield       |       |       |       |   353 |   209 ||   562

Table legend: (Time is in decaauts)
 A = Elapsed time spent in this place.
 B = Non-inter-level travel time spent in this place.
 C = Inter-level travel time spent in this place.
 D = Time resting spent in this place.
 E = Time spent auto-exploring this place.
 F = Levels seen in this place.
 G = Mean time per level.
                   A        B        C        D        E       F      G
               +--------+--------+--------+--------+--------+-----+--------+
         Total |  13380 |  12847 |    533 |    249 |   7324 |  16 |  836.2 |
       Dungeon |  12951 |  12426 |    525 |    226 |   7167 |  13 |  996.2 |
        Temple |     89 |     82 |      7 |      0 |     65 |   1 |   89.0 |
  Orcish Mines |    338 |    338 |      0 |     23 |     92 |   2 |  169.0 |
               +--------+--------+--------+--------+--------+-----+--------+

Top non-repeatable levels by time:
     D:9: 1620 daAuts
     D:6: 1416 daAuts
    D:11: 1236 daAuts
     D:8: 1184 daAuts
     D:7: 1167 daAuts
    D:12: 1091 daAuts
    D:10: 1091 daAuts
     D:1: 938 daAuts
    D:13: 791 daAuts
     D:5: 776 daAuts
     D:3: 585 daAuts
     D:2: 573 daAuts
     D:4: 478 daAuts
   Orc:1: 299 daAuts
  Temple: 89 daAuts
